 Dungeon Crawl Stone Soup version 0.23.0 (webtiles) character file.

Game seed: 16094931642422670471

56 Wot the Skirmisher (level 3, 0/33 HPs)
             Began as a Draconian Berserker on Feb 19, 2019.
             Was a Believer of Trog.
             Slain by a worm (7 damage)
             ... on level 2 of the Dungeon.
             The game lasted 00:09:36 (1898 turns).

Wot the Skirmisher (Draconian Berserker)            Turns: 1898, Time: 00:09:36

Health: 0/33       AC:  5    Str: 20    XL:     3   Next: 71%
Magic:  3/3        EV: 13    Int:  7    God:    Trog [**....]
Gold:   40         SH:  0    Dex: 10    Spells: 2/2 levels left

rFire    . . .     SeeInvis .   e - +0 short sword (curse)
rCold    . . .     Gourm    .   (no shield)
rNeg     . . .     Faith    .   (armour unavailable)
rPois    .         Spirit   .   (helmet restricted)
rElec    .         Reflect  .   (no cloak)
rCorr    .         Harm     .   (no gloves)
MR       .....                  (no boots)
Stlth    +.........             (no amulet)
HPRegen  0.11/turn              (no ring)
MPRegen  0.08/turn              (no ring)

@: starving
A: unfitting armour, cold-blooded, AC +5
a: Berserk, Trog's Hand, Renounce Religion


You were on level 2 of the Dungeon.
You worshipped Trog.
Trog was pleased with you.
You were starving.

You visited 1 branch of the dungeon, and saw 2 of its levels.

You collected 40 gold pieces.

Inventory:

Hand Weapons
 a - a +0 hand axe
 e - a cursed +0 short sword (weapon)
Scrolls
 c - a scroll of immolation {unknown}
 d - 3 scrolls of fog {unknown}
 f - a scroll of identify {unknown}
 h - a scroll of remove curse {unknown}
 j - a scroll of enchant armour {unknown}
 m - a scroll of amnesia {unknown}
Potions
 g - a potion of ambrosia {unknown}
 i - a potion of might {unknown}
 k - 2 potions of heal wounds {unknown}
 l - a potion of degeneration {unknown}
Comestibles
 b - 2 rations


   Skills:
 + Level 4.0 Fighting
 + Level 0.1 Short Blades
 + Level 3.8 Axes
 + Level 3.1 Dodging


You had 2 spell levels left.
You didn't know any spells.
Your spell library was empty.

Dungeon Overview and Level Annotations

Branches:
Dungeon (2/15)

Altars:
Fedhas
Uskayaw


Innate Abilities, Weirdness & Mutations

Your plain brown scales are hard. (AC +5)
You cannot fit into any form of body armour.
You are cold-blooded and may be slowed by cold attacks.


Message History

You barely miss the worm.
The worm is heavily wounded.
You hit the worm but do no damage.
The worm is heavily wounded.
The worm bites you but does no damage.
You barely miss the worm.
You tail-slap the worm, but do no damage.
The worm is heavily wounded.
The worm barely misses you.
You hit the worm but do no damage.
The worm is heavily wounded.
You hit the worm but do no damage.
You tail-slap the worm, but do no damage.
The worm is heavily wounded.
The worm bites you.
* * * LOW HITPOINT WARNING * * *
You barely miss the worm.
The worm is heavily wounded.
The worm bites you!
You die...

.....#..... #.
........#..... #.
........#.....
#.#####...######.....
####....................
........................
#......................#
#......##.###.......#
#..@..##.# #.......#
#..w..##.###.......#
#.....##............
#...............###.
#.....##......#.#...
#......##.####.....#.
#.......(...##.....#.
#......##............
#........##..........


You could see a worm.

Vanquished Creatures
  An adder (D:2)
  2 dart slugs
  3 bats
  4 giant cockroaches
  4 hobgoblins (D:1)
  10 jackals (D:1)
  A ball python (D:1)
  4 frilled lizards
  3 goblins
  4 kobolds (D:1)
  5 rats
41 creatures vanquished.

Notes
Turn   | Place    | Note
-------+----------+-------------------------------------------
     0 | D:1      | Wot the Draconian Berserker began the quest for the Orb.
     0 | D:1      | Reached XP level 1. HP: 19/19 MP: 1/1
    66 | D:1      | Reached XP level 2. HP: 26/26 MP: 2/2
   627 | D:1      | Reached ** piety under Trog
   731 | D:1      | Reached XP level 3. HP: 28/33 MP: 3/3
  1179 | D:2      | Found a blossoming altar of Fedhas.
  1349 | D:2      | Reached skill level 4 in Fighting
  1505 | D:2      | Found a hide-covered altar of Uskayaw.
  1898 | D:2      | Slain by a worm

Skill      XL: |  1  2  3 |
---------------+----------+-----
Dodging        | 3 |  3.1
Fighting       | 4 |  4.0
Short Blades   | |  0.1
Axes           | |  3.8

Action                   || total
-------------------------++-------
Melee: Hand axe          ||    81
       Tailslap          ||    19
       Short sword       ||    68
  Eat: Chunk             ||     1
Armor: Skin              ||    91
Dodge: Dodged            ||   157
